 Dungeon Crawl Stone Soup version 0.20-a0-270-g8e735b6 (webtiles) character file.

16153 Duffy the Fighter (level 11, -6/94 HPs)
             Began as a Demigod Gladiator on Dec 9, 2016.
             Killed from afar by a rime drake (25 damage)
             ... with a flash freeze
             ... on level 2 of the Lair of Beasts.
             The game lasted 00:25:24 (16452 turns).

Duffy the Fighter (Demigod Gladiator)              Turns: 16452, Time: 00:25:25

Health: -6/94      AC: 15    Str: 22    XL:     11   Next: 77%
Magic:  18/18      EV: 14    Int: 12    God:
Gold:   717        SH:  9    Dex: 18    Spells: 9/10 levels left

rFire  + . .     SeeInvis .     L - +7 double sword (vamp)
rCold  . . .     Gourm    .     G - +0 plate armour
rNeg   . . .     Faith    .     x - +0 buckler
rPois  .         Spirit   .     c - +1 helmet
rElec  .         Reflect  +     (no cloak)
rCorr  .         Harm     .     (no gloves)
MR     +....                    (no boots)
Stlth  ..........               g - +3 amulet of reflection
                                K - +3 ring of evasion
                                m - ring of protection from fire

@: no status effects
A: high mp 1
a: no special abilities


You were on level 2 of the Lair of Beasts.
You were not hungry.

You visited 2 branches of the dungeon, and saw 14 of its levels.

You collected 1588 gold pieces.
You spent 871 gold pieces at shops.

Inventory:

Hand Weapons
 a - a +0 flail
 d - a +0 blowgun
 B - a +1 dire flail
 D - a +0 flail of draining
 L - a +7 vampiric double sword (weapon)
Missiles
 N - 3 curare-tipped needles
 P - a throwing net (quivered) {!f}
Armour
 c - a +1 helmet (worn)
 t - a +2 hat
 u - a cursed -1 large shield
 x - a +0 buckler (worn)
 G - a +0 plate armour (worn)
Jewellery
 g - a +3 amulet of reflection (around neck)
 m - a ring of protection from fire (left hand)
 y - an uncursed ring of see invisible
 K - a +3 ring of evasion (right hand)
Wands
 k - a wand of iceblast (4/15)
 s - a wand of confusion (15/48)
 z - a wand of lightning (9/15)
 H - a wand of slowing (8/48)
 J - a wand of iceblast (3/15)
 M - a wand of acid (9/15)
Scrolls
 h - 2 scrolls of enchant armour
 i - a scroll of teleportation
 j - 2 scrolls of fear
 o - 5 scrolls of remove curse
 q - a scroll of immolation
 r - a scroll of blinking
 v - 3 scrolls of magic mapping
 C - 2 scrolls of vulnerability
 E - 4 scrolls of recharging
Potions
 b - 5 potions of flight
 e - 2 potions of cure mutation
 l - 10 potions of curing
 p - a potion of cancellation
 w - a potion of might
 F - a potion of magic
Comestibles
 f - 3 bread rations
 n - 7 meat rations
 I - a fruit


   Skills:
 - Level 8.0 Fighting
 + Level 8.0 Long Blades
 - Level 6.2 Maces & Flails
 - Level 1.7 Throwing
 - Level 8.0 Armour
 - Level 7.5 Dodging
 + Level 5.7 Shields
 - Level 5.5 Evocations


You had 9 spell levels left.
You knew the following spells:

 Your Spells              Type           Power        Failure   Level  Hunger
a - Apportation           Tloc           #.........   100%        1    ##.....


Dungeon Overview and Level Annotations

Branches:
Dungeon (11/15)            Temple (0/1) D:5            Lair (3/6) D:10
  Swamp (0/4) Lair:2        Snake (0/4) Lair:2
    Orc: D:9-12

Shops:
D:5 (

Portals:
Bazaar: D:11

Annotations:
D:3 Natasha
D:4 Lochraine's ghost, amateur OgWz
D:11 exclusion: ice statue


Innate Abilities, Weirdness & Mutations

You have an increased reservoir of magic. (+10% MP)


Message History

You are too injured to fight recklessly!
You closely miss the rime drake.
The rime drake is heavily wounded.
The rime drake bites you.
You slash the rime drake!
The rime drake is almost dead.
The ice encasing you melts away. The rime drake bites you.
The rime drake breathes ice at you. The flash freeze hits you!
You are encased in ice.
Your plate armour prevents you from hitting the rime drake.
The rime drake is almost dead.
The rime drake bites you but does no damage.
You closely miss the rime drake.
The rime drake is almost dead.
The ice encasing you melts away. The rime drake breathes ice at you.
The flash freeze hits you!
You die...

#...............
#...............
##########...............
.#.##.#............<.........
.............................
.............................
.......?........<............
.......$.....k...............
.P..###.....@................
###.# ##.....................
.P77##...P#.#......P...##.
P~PP#%########P.......... 7
7P~#).# #..........
7...7~.#.## ##..........
..>.....).# #...........
7...7~P#.## ##.......... 7
7PP#..# #...........


You could see a rime drake.

Vanquished Creatures
  Harold (Lair:2)
  Urug (D:11)
  3 hill giants
  An oklob plant (D:10)
  3 black mambas
  A centaur zombie (D:10)
  Psyche (D:10)
  2 spiny frogs (Lair:1)
  2 rime drakes (Lair:2)
  A two-headed ogre (D:9)
  A hornet (D:10)
  4 hippogriffs
  14 yaks
  2 wyverns
  Menkaure (D:5)
  2 nagas (Lair:2)
  3 porcupines
  3 black bears
  6 water moccasins
  4 orc warriors
  2 ice beasts (D:11)
  5 sky beasts
  A hornet zombie (D:7)
  A phantom (D:8)
  2 ogres
  2 wolves (Lair:1)
  8 centaurs
  2 crocodiles (Lair:1)
  Blork the orc (D:5)
  2 big kobolds (D:11)
  5 bullfrogs
  A water moccasin zombie (D:7)
  A wyvern skeleton (D:9)
  5 scorpions
  6 killer bees (D:9)
  5 wights (D:6)
  5 howler monkeys
  3 crimson imps
  A bullfrog zombie (D:9)
  2 quasits
  5 orc priests
  2 centaur skeletons
  8 hounds
  3 jellies
  5 orc wizards
  3 iguanas
  10 worker ants
  A hound zombie (D:5)
  2 hound skeletons
  A worker ant zombie (D:9)
  11 river rats (D:6)
  17 adders
  2 shadow imps
  An ooze (D:6)
  2 adder skeletons (D:8)
  5 worms
  2 dart slugs (D:2)
  9 leopard geckos
  23 orcs
  6 giant cockroaches
  7 goblins
  6 hobgoblins
  4 jackals (D:6)
  11 quokkas
  8 bats
  A frilled lizard (D:2)
  19 kobolds
  2 leopard gecko skeletons
  A quokka skeleton (D:8)
  25 rats
  A plant (D:10)
319 creatures vanquished.

Vanquished Creatures (others)
  A wizard (D:6)
  2 fungi (Lair:1)
  2 plants
5 creatures vanquished.

Grand Total: 324 creatures vanquished

Notes
Turn   | Place    | Note
-------+----------+-------------------------------------------
     0 | D:1      | Duffy the Demigod Gladiator began the quest for the Orb.
     0 | D:1      | Reached XP level 1. HP: 17/17 MP: 3/3
   173 | D:1      | Reached skill level 3 in Maces & Flails
   290 | D:1      | Reached XP level 2. HP: 22/24 MP: 4/4
   690 | D:2      | Found a shimmering altar of Xom.
   952 | D:2      | Reached skill level 4 in Maces & Flails
   952 | D:2      | Reached XP level 3. HP: 28/29 MP: 5/5
  1116 | D:2      | Found a burning altar of Makhleb.
  1645 | D:2      | Reached XP level 4. HP: 36/36 MP: 6/6
  2171 | D:3      | Found a sparkling altar of Nemelex Xobeh.
  2208 | D:3      | Reached skill level 5 in Maces & Flails
  2400 | D:3      | Noticed Natasha
  2582 | D:4      | Found a blossoming altar of Fedhas.
  2632 | D:3      | Reached skill level 1 in Armour
  2632 | D:3      | Reached XP level 5. HP: 33/41 MP: 7/7
  2931 | D:4      | Reached skill level 2 in Armour
  3115 | D:4      | Noticed Lochraine's ghost (amateur OgWz)
  3438 | D:5      | Entered Level 5 of the Dungeon
  3449 | D:5      | Noticed a sky beast
  3599 | D:4      | Killed a sky beast
  3599 | D:4      | Reached XP level 6. HP: 25/48 MP: 8/8
  3764 | D:5      | Noticed Menkaure
  4259 | D:3      | Reached skill level 2 in Fighting
  4417 | D:5      | Killed Menkaure
  4417 | D:5      | Reached skill level 6 in Maces & Flails
  4490 | D:5      | Found a staircase to the Ecumenical Temple.
  4741 | D:5      | Found Jerour's Weapon Boutique.
  4845 | D:5      | Reached skill level 3 in Fighting
  4845 | D:5      | Reached skill level 3 in Armour
  4845 | D:5      | Reached XP level 7. HP: 37/57 MP: 9/9
  5507 | D:5      | Noticed Blork the orc
  5516 | D:5      | Killed Blork the orc
  5516 | D:5      | Reached skill level 4 in Fighting
  5561 | D:5      | Reached skill level 4 in Armour
  5989 | D:6      | Found a bloodstained altar of Trog.
  5990 | D:6      | Noticed a wizard
  5995 | D:6      | Killed a wizard
  6238 | D:6      | Reached skill level 5 in Fighting
  6241 | D:6      | Reached XP level 8. HP: 42/68 MP: 10/10
  6258 | D:6      | Reached skill level 5 in Armour
  7106 | D:6      | Reached skill level 6 in Fighting
  7106 | D:6      | Reached skill level 6 in Armour
  8188 | D:7      | Found a hazy altar of Hepliaklqana.
  8299 | D:8      | Reached skill level 7 in Fighting
  8299 | D:8      | Reached skill level 7 in Armour
  8299 | D:8      | Reached XP level 9. HP: 71/79 MP: 11/11
  8512 | D:8      | You fall through a shaft!
  8856 | D:8      | You fall through a shaft for 3 floors!
  9041 | D:11     | Reached skill level 8 in Fighting
  9041 | D:11     | Reached skill level 8 in Armour
  9067 | D:11     | Reached skill level 1 in Evocations
  9141 | D:11     | Reached skill level 2 in Evocations
  9182 | D:11     | Noticed Urug
  9228 | D:11     | Killed Urug
  9228 | D:11     | Reached skill level 4 in Evocations
  9495 | D:10     | Entered Level 10 of the Dungeon
  9495 | D:10     | Found a bloodstained altar of Trog.
  9495 | D:10     | Noticed Psyche
  9516 | D:10     | Killed Psyche
  9516 | D:10     | Reached skill level 5 in Evocations
  9516 | D:10     | Reached XP level 10. HP: 88/88 MP: 15/17
  9598 | D:9      | Reached skill level 3 in Dodging
  9910 | D:9      | Reached skill level 4 in Dodging
 10537 | D:8      | Reached skill level 5 in Dodging
 11068 | D:9      | Found a glowing silver altar of Zin.
 11069 | D:9      | Found an opulent altar of Gozag.
 11236 | D:10     | Identified a scroll of acquirement
 11315 | D:10     | Gained mutation: You have sharp toenails. [mutagenic meat]
 11316 | D:10     | Gained mutation: You occasionally shout uncontrollably at your foes. [mutagenic meat]
 11317 | D:10     | Gained mutation: You are partially covered in large bone plates. (SH +4) [mutagenic meat]
 11318 | D:10     | Gained mutation: Your spells are a little harder to cast, but a little more powerful. [mutagenic meat]
 11319 | D:10     | Gained mutation: You tend to lose your temper in combat. [mutagenic meat]
 11345 | D:10     | Reached skill level 6 in Dodging
 11466 | D:10     | Lost mutation: You occasionally shout uncontrollably at your foes. [potion of cure mutation]
 11466 | D:10     | Lost mutation: Your spells are a little harder to cast, but a little more powerful. [potion of cure mutation]
 11466 | D:10     | Lost mutation: You have sharp toenails. [potion of cure mutation]
 11466 | D:10     | Lost mutation: You tend to lose your temper in combat. [potion of cure mutation]
 11466 | D:10     | Lost mutation: You are partially covered in large bone plates. (SH +4) [potion of cure mutation]
 11513 | D:10     | Paralysed by a hornet for 2 turns
 11828 | D:10     | Noticed an oklob plant
 11856 | D:10     | Found a staircase to the Lair.
 12022 | D:10     | Reached skill level 7 in Dodging
 12651 | D:5      | Bought a +4 vampiric double sword for 871 gold pieces
 12823 | D:10     | Noticed a hill giant
 12830 | D:10     | Killed a hill giant
 12830 | D:10     | Reached skill level 1 in Long Blades
 13233 | D:11     | Reached skill level 2 in Long Blades
 13264 | D:11     | Noticed a hill giant
 13593 | D:11     | Noticed a hill giant
 13605 | D:11     | Killed a hill giant
 13605 | D:11     | Reached skill level 3 in Long Blades
 13809 | D:11     | Killed a hill giant
 13809 | D:11     | Reached skill level 4 in Long Blades
 13885 | D:11     | Learned a level 1 spell: Apportation
 13945 | D:11     | Found a gateway to a bazaar.
 13945 | D:11     | Noticed an ice statue
 14321 | D:10     | Killed an oklob plant
 14321 | D:10     | Reached skill level 5 in Long Blades
 14321 | D:10     | Reached XP level 11. HP: 94/94 MP: 18/18
 14333 | Lair:1   | Entered Level 1 of the Lair of Beasts
 14368 | Lair:1   | Reached skill level 1 in Shields
 14665 | Lair:1   | Reached skill level 2 in Shields
 15011 | Lair:1   | Reached skill level 6 in Long Blades
 15019 | Lair:1   | Reached skill level 3 in Shields
 15057 | Lair:1   | Reached skill level 4 in Shields
 15373 | Lair:2   | Noticed Harold
 15393 | Lair:2   | Reached skill level 7 in Long Blades
 15850 | Lair:2   | Killed Harold
 15850 | Lair:2   | Reached skill level 5 in Shields
 16121 | Lair:2   | Found a staircase to the Swamp.
 16308 | Lair:2   | Found a staircase to the Snake Pit.
 16338 | Lair:2   | Reached skill level 8 in Long Blades
 16452 | Lair:2   | Killed from afar by a rime drake

Vault maps used:
D:1:      doesnt_arrival_eight_statues, minmay_pentomino_x2
D:2:      lemuel_round_altar, xom_teletrap_fun
D:3:      lemuel_round_altar, uniq_natasha
D:4:      nicolae_overflow_hidden_temple, first_bread
D:5:      serial_shops, kennysheep_little_box, nrook_mini_vaults, uniq_menkaure,
          uniq_blork_the_orc
D:6:      lemuel_ratsnest, trog_wizard
D:7:      basic_altar
D:9:      kennysheep_spiral_hall, grunt_temple_overflow_gold_and_silver,
          feat_on_display
D:10:     dpeg_oklobed_lair, basic_altar, uniq_psyche
D:11:     serial_shops, statue_bzr, uniq_urug
Lair:1:   guppyfry_lair_drakes, uniq_grum
Lair:2:   swamp_mist, guppyfry_snake_entry_garden, bobbens_dragon_lair_wall,
          uniq_harold

Skill      XL: |  1  2  3  4  5  6  7  8  9 10 11 |
---------------+----------------------------------+-----
Maces & Flails | 3 4 5 6 |  6.2
Armour         | 1 2 3 4 7 8 |  8.0
Fighting       | 3 5 7 8 |  8.0
Evocations     | 5 |  5.5
Dodging        | 7 |  7.5
Long Blades    | 5 8 |  8.0
Shields        | 5 |  5.7
Throwing       | |  1.7

Action                   |  1- 3 |  4- 6 |  7- 9 | 10-12 || total
-------------------------+-------+-------+-------+-------++-------
Melee: Flail             |   145 |   199 |    57 |       ||   401
       Dire flail        |       |       |   465 |   245 ||   710
       Double sword      |       |       |       |   246 ||   246
       Kick              |       |       |       |    16 ||    16
Throw: Throwing net      |     3 |       |     3 |       ||     6
Evoke: Wand              |       |       |     1 |     5 ||     6
  Use: Scroll            |       |    10 |    10 |    13 ||    33
       Potion            |       |     1 |     1 |     2 ||     4
 Stab: Distracted        |     1 |       |       |       ||     1
       Confused          |       |       |     1 |     5 ||     6
       Held in net/web   |       |       |     1 |       ||     1
  Eat: Chunk             |     2 |     7 |    15 |    12 ||    36
       Beef jerky        |       |     1 |       |       ||     1
       Fruit             |       |     2 |     1 |     2 ||     5
       Bread ration      |       |       |       |     4 ||     4
       Pizza             |       |       |       |     2 ||     2
Armor: Scale mail        |    72 |     9 |       |       ||    81
       Leather armour    |     1 |       |       |       ||     1
       Chain mail        |       |   124 |   152 |       ||   276
       Plate armour      |       |       |   118 |   205 ||   323
Dodge: Dodged            |   115 |    83 |   198 |   256 ||   652
Block: Other             |       |     6 |    57 |    36 ||    99
       Reflection        |       |     2 |     2 |     3 ||     7
       Buckler           |       |    45 |    19 |    67 ||   131
       Rpst.: Double sword |       |       |       |    33 ||    33
